 Dungeon Crawl Stone Soup version 0.31-a0-1002-g8e65716e6e (webtiles) character file.

Game seed: 9629681011324697391

317 MacCMillion the Ruffian (level 6, -1/48 HPs)
             Began as a Djinni Shapeshifter on Nov 10, 2023.
             Slain by Grinder (4 damage)
             ... on level 3 of the Dungeon.
             The game lasted 00:04:36 (3053 turns).

MacCMillion the Ruffian (Djinni Shapeshifter)       Turns: 3053, Time: 00:04:37

Health: -1/48      AC:  2    Str: 15    XL:     6   Next: 74%
Gold:   152        EV: 12    Int: 11    God:
                   SH:  0    Dex: 13

rFire   + +          .
                       - Unarmed
rCold   x . .        (no shield)
rNeg    . . .        a - +0 animal skin
rPois   ∞            (helmet currently unavailable)
rElec   .            (cloak currently unavailable)
rCorr   .            (gloves currently unavailable)
SInv    .            (boots unavailable)
Will    .....        (no amulet)
Stlth   +            (no ring)
HPRegen 0.28/turn    (no ring)
MPRegen 0.00/turn

%: infuse magic (-2 HP)
@: beast-form, flying
A: beast (slay +1), flying, sickness immunity, fire resistance 2, cold
vulnerability 1, float, innate caster, HP casting, extra vitality 1
a: Begin Untransformation


You were on level 3 of the Dungeon.
You were a hulking beast.
You visited 1 branch of the dungeon, and saw 3 of its levels.

You collected 152 gold pieces.

Inventory:

Missiles
 h - 8 poisoned darts
 q - 2 throwing nets
Armour
 a - a +0 animal skin (worn)
 p - a +0 pair of gloves
Talismans
 c - a beast talisman
 d - a flux talisman
Wands
 m - a wand of quicksilver (7)
Scrolls
 e - 2 scrolls of enchant armour {unknown}
 f - 4 scrolls of identify {unknown}
 g - a scroll of brand weapon {unknown}
 i - 3 scrolls of teleportation {unknown}
 j - 2 scrolls of noise {unknown}
 k - a scroll of torment {unknown}
 n - a scroll of fear {unknown}
 o - a scroll of immolation {unknown}
Potions
 b - 2 potions of lignification
 l - a potion of enlightenment {unknown}
 r - a potion of brilliance {unknown}


   Skills:
 + Level 4.4 Fighting
 - Level 2.1 Dodging
 + Level 5.3 Unarmed Combat
 - Level 2.6 Shapeshifting


You knew the following spells:

 Your Spells              Type           Power      Damage    Failure   Level
a - Foxfire               Conj/Fire      0%         2x1d4     34%         1
b - Ensorcelled Hibernat  Hex/Ice        0%         N/A       47%         2
Your spell library was empty.

Dungeon Overview and Level Annotations

Branches:
Dungeon (3/15)

Altars:

Annotations:
D:3 Grinder


Innate Abilities, Weirdness & Mutations

You are a hulking beast.
Your limbs bulge with bestial killing power. (Slay +1)
You are flying.
You are immune to sickness and miasma.
You are immune to poison.
Your flesh is very heat resistant. (rF++)
You are vulnerable to cold. (rC-)
You float through the air rather than walking.
You learn spells naturally, not from books.
Your magical power is your life essence.
You have superior vitality. (+4 MHP)


Message History

Grinder is nearby!
Grinder is nearby!
Grinder hits you.
You hit Grinder.
Grinder is lightly wounded.
Grinder closely misses you.
You completely miss Grinder.
Grinder is lightly wounded.
Grinder says, "You look like you could use a good racking."
Grinder hits you.
You writhe in agony.
You hit Grinder.
Grinder is lightly wounded.
Grinder barely misses you.
You barely miss Grinder.
Grinder is lightly wounded.
Grinder hits you.
You writhe in agony.
You punch Grinder!
Grinder is moderately wounded.
Grinder hits you!
You writhe in agony.
You are too injured to fight recklessly!
You are too injured to fight recklessly!
You are too injured to fight recklessly!
You hit Grinder.
Grinder is moderately wounded.
Grinder blinks!
Grinder blinks!
Grinder attacks as she pursues you! Grinder hits you!
You writhe in agony.
* * * LOW HITPOINT WARNING * * *
You punch Grinder!
Grinder is heavily wounded.
You closely miss Grinder.
Grinder is heavily wounded.
Grinder closely misses you.
You hit Grinder but do no damage.
Grinder is heavily wounded.
Grinder hits you!
* * * LOW HITPOINT WARNING * * *
You writhe in agony.
You die...
Grinder says, "Now the real fun starts!"

#############
#.# ### #.#
####.########
#............
#.##.########
#.##.# #.##.#
#5##.########
#h##........#
#.#########.#
### #.# #.#
#.. #.# #.#
#.# #.# #†#
#.# #.# #.#
#.# #.# #.#
#.# #.# #.#
#.# #.# #.#


You could see Grinder.

Vanquished Creatures
  Sigmund (D:2)
  Terence (D:2)
  4 gnolls (D:3)
  3 adders
  A dart slug (D:2)
  A worm (D:2)
  An orc (D:3)
  5 bats
  8 endoplasms
  2 giant cockroaches
  8 goblins
  2 hobgoblins
  3 quokkas
  4 ball pythons
  2 frilled lizards (D:2)
  4 kobolds
  4 rats
54 creatures vanquished.

Vanquished Creatures (others)
  3 foxfires (D:2)
3 creatures vanquished.

Grand Total: 57 creatures vanquished

Notes
Turn   | Place    | Note
-------+----------+-------------------------------------------
     0 | D:1      | MacCMillion the Djinni Shapeshifter began the quest for the
                  | Orb.
     0 | D:1      | Reached XP level 1. HP: 17/17 MP: 0/0
   350 | D:1      | Reached XP level 2. HP: 15/22 MP: 0/0
   824 | D:2      | Noticed Terence
   892 | D:2      | Reached XP level 3. HP: 25/28 MP: 0/0
   892 | D:2      | Learned a level 1 spell: Foxfire
   937 | D:2      | Noticed Sigmund
  1085 | D:2      | Found a faded altar of an unknown god.
  1227 | D:2      | Killed Sigmund
  1228 | D:2      | Reached skill level 4 in Unarmed Combat
  1228 | D:2      | Reached XP level 4. HP: 4/37 MP: 0/0
  1228 | D:2      | Reached XP level 5. HP: 5/41 MP: 0/0
  1228 | D:2      | Learned a level 2 spell: Ensorcelled Hibernation
  1228 | D:2      | Reached XP level 6. HP: 5/47 MP: 0/0
  1806 | D:2      | Killed Terence
  1807 | D:2      | Reached skill level 5 in Unarmed Combat
  3039 | D:3      | Noticed Grinder
  3053 | D:3      | Slain by Grinder

Illustrated notes

Levels and vault maps discovered:
D:1:      lemuel_arrival_funnel, layout_basic, serial_bayou_lake_a
D:2:      minmay_angry_zag, layout_rooms, chequers_ecumenical_altar_simple,
          kennysheep_cluttered_room, kennysheep_nub, uniq_terence, uniq_sigmund
D:3:      layout_basic, grunt_temple_overflow_lords_of_destruction,
          guppyfry_early_orc_mine, uniq_grinder

Skill      XL: |  1  2  3  4  5  6 |
---------------+-------------------+-----
Fighting       | 2 3 4 |  4.4
Unarmed Combat | 4 5 |  5.3
Dodging        | |  2.1
Shapeshifting  | |  2.6

Action                     |  1- 3 |  4- 6 || total
---------------------------+-------+-------++-------
  Melee: Unarmed           |    65 |   113 ||   178
         Punch             |     1 |     5 ||     6
   Cast: Foxfire           |     2 |       ||     2
   Stab: Sleeping          |       |     1 ||     1
 Armour: Animal skin       |    33 |    52 ||    85
  Dodge: Dodged            |    38 |    56 ||    94

Table legend: (Time is in decaauts)
 A = Elapsed time spent in this place.
 B = Non-inter-level travel time spent in this place.
 C = Inter-level travel time spent in this place.
 D = Time resting spent in this place.
 E = Time spent auto-exploring this place.
 F = Levels seen in this place.
 G = Mean time per level.
                   A        B        C        D        E       F      G
               +--------+--------+--------+--------+--------+-----+--------+
         Total |   3038 |   2992 |     46 |    670 |   1707 |   3 | 1012.7 |
       Dungeon |   3038 |   2992 |     46 |    670 |   1707 |   3 | 1012.7 |
               +--------+--------+--------+--------+--------+-----+--------+

Top non-repeatable levels by time:
     D:2: 1484 daAuts
     D:3: 809 daAuts
     D:1: 744 daAuts
